 Dungeon Crawl Stone Soup version 0.22.1-1-ga44c0e5 (webtiles) character file.

78 harcile the Covered (level 4, -1/40 HPs)
             Began as a Hill Orc Fighter on Oct 30, 2018.
             Slain by an ice beast (10 damage)
             ... on level 3 of the Dungeon.
             The game lasted 00:05:13 (1318 turns).

harcile the Covered (Hill Orc Fighter)              Turns: 1318, Time: 00:05:14

Health: -1/40      AC:  7    Str: 19    XL:     4   Next: 36%
Magic:  4/4        EV:  8    Int:  8    God:
Gold:   64         SH:  9    Dex: 10    Spells: 3/3 levels left

rFire    + + .     SeeInvis .   a - +0 long sword
rCold    . . .     Gourm    .   c - +0 shield
rNeg     . . .     Faith    .   p - +2 ring mail {rF+}
rPois    .         Spirit   .   (no helmet)
rElec    .         Reflect  .   (no cloak)
rCorr    .         Harm     .   (no gloves)
MR       .....                  (no boots)
Stlth    ..........             (no amulet)
HPRegen  0.13/turn              t - ring of protection from fire
MPRegen  0.09/turn              (no ring)

@: no status effects
A: no striking features
a: no special abilities


You were on level 3 of the Dungeon.
You were not hungry.

You visited 1 branch of the dungeon, and saw 3 of its levels.

You collected 64 gold pieces.

Inventory:

Hand Weapons
 a - a +0 long sword (weapon)
Armour
 b - a +0 scale mail
 c - a +0 shield (worn)
 p - a +2 ring mail of fire resistance (worn)
Jewellery
 t - a ring of protection from fire (left hand)
Scrolls
 e - 2 scrolls of remove curse {unknown}
 g - a scroll of fog {unknown}
 h - a scroll of random uselessness {unknown}
 j - a scroll of enchant weapon {unknown}
 k - a scroll of amnesia {unknown}
 l - a scroll of identify {unknown}
 m - a scroll of teleportation {unknown}
 q - 3 scrolls of magic mapping {unknown}
 r - 2 scrolls of fear {unknown}
 u - a scroll of enchant armour {unknown}
Potions
 d - a potion of might
 i - a potion of mutation {unknown}
 n - a potion of heal wounds {unknown}
 s - a potion of haste {unknown}
 v - a potion of ambrosia {unknown}
Comestibles
 f - 3 rations
 o - 7 chunks of flesh


   Skills:
 + Level 3.8 Fighting
 + Level 3.6 Long Blades
 + Level 3.9 Armour
 + Level 0.4 Dodging
 + Level 3.8 Shields


You had 3 spell levels left.
You didn't know any spells.
Your spell library was empty.

Dungeon Overview and Level Annotations

Branches:
Dungeon (3/15)

Altars:


Message History

You closely miss the ice beast.
The ice beast is severely wounded.
The ice beast hits you but does no damage.
You closely miss the ice beast.
The ice beast is severely wounded.
The ice beast hits you. The ice beast freezes you!
* * * LOW HITPOINT WARNING * * *
The ice beast hits you but does no damage.
You closely miss the ice beast.
The ice beast is severely wounded.
The ice beast barely misses you.
You hit the ice beast.
The ice beast is severely wounded.
You block the ice beast's attack.
You hit the ice beast but do no damage.
The ice beast is severely wounded.
The ice beast hits you.
* * * LOW HITPOINT WARNING * * *
The ice beast freezes you!
You die...

#.# #. #.# #. ####÷# #. #....# ##
#....# # #....# ## #....##
########. #....(################
##.....#..
#...#...........@Y...###......<..
#...################........)....
#...# ###.......... #...#
#......÷... #(..# #..........
##### #.......... ##.........
##.....#.. #########


You could see an ice beast.

Vanquished Creatures
  2 adders (D:2)
  2 worms
  3 dart slugs
  A leopard gecko (D:3)
  2 giant cockroaches
  6 goblins
  7 hobgoblins
  2 ball pythons
  5 bats
  2 frilled lizards
  9 kobolds
  10 rats
51 creatures vanquished.

Notes
Turn   | Place    | Note
-------+----------+-------------------------------------------
     0 | D:1      | harcile the Hill Orc Fighter began the quest for the Orb.
     0 | D:1      | Reached XP level 1. HP: 19/19 MP: 1/1
   148 | D:1      | Reached XP level 2. HP: 10/27 MP: 2/2
   671 | D:2      | Reached XP level 3. HP: 33/33 MP: 3/3
   819 | D:2      | Reached XP level 4. HP: 32/40 MP: 4/4
  1034 | D:3      | Noticed an ice beast
  1318 | D:3      | Slain by an ice beast

Skill      XL: |  1  2  3 |
---------------+----------+-----
Long Blades    | 3 |  3.6
Fighting       | |  3.8
Armour         | |  3.9
Dodging        | |  0.4
Shields        | |  3.8

Action                   |  1- 3 |  4- 6 || total
-------------------------+-------+-------++-------
Melee: Long sword        |   108 |    70 ||   178
  Eat: Chunk             |       |     2 ||     2
Armor: Scale mail        |    51 |    13 ||    64
       Ring mail         |       |    21 ||    21
Dodge: Dodged            |    48 |    16 ||    64
Block: Shield            |    71 |    36 ||   107
       Rpst.: Long sword |    15 |     4 ||    19
